AoeStats
← 布丁

Highland

506598594Analyzed
4v4 RM · 17d ago on Sep 14, 2026· 11m 34s· 8 players
Game mode
Random Map
Map size
Large (8 player)
Population
200
Speed
Normal
Resources
Standard
Victory
Conquest
Starting age
Dark Age
Ending age
Imperial Age
RankedLock teamsTeams togetherTeam positionsShared explorationLock speedFull tech treeHidden civsTurbo modeCheats
Victory
Defeat
🇹🇼 Goths · Taiwan
843
+10
🇧🇷 Huns · Brazil
816
+11
🇫🇷 Poles · France
697
+16
🇷🇸 Vikings · Serbia
688
+16
🇭🇰 Goths · Hong Kong SAR China
801
-16
🇷🇺 Vietnamese · Russia
792
-16
🇺🇸 Burmese · United States
769
-16
🇹🇷 Khmer · Türkiye
419
-5
BasicOrc4106
0:30 Loom
Zeru
Light
success0111
0:56 Loom
Caduzera
10:56 Feudal Age
11:46 Double-Bit Axe
danilo
4:23 Loom
10:52 Feudal Age
11:52 Double-Bit Axe
SosoAllstar
8:31 Loom
10:53 Feudal Age
11:38 Double-Bit Axe
11:37 Horse Collar
布丁
1:16 Loom
13:11 Feudal Age
Connection lost

Rejoining the realm…

Still unreachable

The connection could not be restored.

Session expired

The server has moved on; the page needs a fresh start.